 Dungeon Crawl Stone Soup version 0.21-a0-531-gacddea6133 (webtiles) character file.

109 JackS81 the Chopper (level 4, 0/37 HPs)
             Began as a Minotaur Gladiator on Dec 13, 2017.
             Slain by a gnoll
             ... wielding a +0 club
              (3 damage)
             ... on level 2 of the Dungeon.
             The game lasted 00:02:54 (769 turns).

JackS81 the Chopper (Minotaur Gladiator)             Turns: 769, Time: 00:02:55

Health: 0/37       AC:  6    Str: 24    XL:     4   Next: 60%
Magic:  3/3        EV: 13    Int:  5    God:
Gold:   42         SH:  0    Dex: 12    Spells: 3/3 levels left

rFire    . . .     SeeInvis .   a - +0 war axe
rCold    . . .     Gourm    .   (no shield)
rNeg     . . .     Faith    .   h - +0 ring mail
rPois    .         Spirit   .   c - +0 hat
rElec    .         Reflect  .   (no cloak)
rCorr    .         Harm     .   e - +0 pair of gloves
MR       .....                  (no boots)
Stlth    +.........             (no amulet)
HPRegen  0.12/turn              (no ring)
MPRegen  0.08/turn              (no ring)

@: mighty
A: retaliatory headbutt, horns 2
a: no special abilities


You were on level 2 of the Dungeon.
You were not hungry.

You visited 1 branch of the dungeon, and saw 2 of its levels.

You collected 42 gold pieces.

Inventory:

Hand Weapons
 a - a +0 war axe (weapon)
Missiles
 d - 3 throwing nets (quivered)
Armour
 b - a +0 leather armour
 c - a +0 hat (worn)
 e - a +0 pair of gloves (worn)
 h - a +0 ring mail (worn)
Scrolls
 g - a scroll of amnesia {unknown}
 k - a scroll of magic mapping {unknown}
 l - a scroll of noise {unknown}
 n - a scroll of identify {unknown}
Potions
 o - a potion of brilliance {unknown}
Comestibles
 f - 4 bread rations
 i - a meat ration
 j - a royal jelly
 m - 3 chunks of flesh


   Skills:
 + Level 2.9 Fighting
 * Level 5.5 Axes
 - Level 2.0 Throwing
 * Level 1.3 Armour
 - Level 4.0 Dodging


You had 3 spell levels left.
You didn't know any spells.

Dungeon Overview and Level Annotations

Branches:
Dungeon (2/15)

Altars:


Innate Abilities, Weirdness & Mutations

You reflexively headbutt those who attack you in melee.
You have a pair of horns on your head.


Message History

The gnoll hits you with a spear. The gnoll hits you with a club.
The gnoll closely misses you. The gnoll hits you but does no damage.
You closely miss the gnoll. You headbutt the gnoll!
The gnoll is almost dead.
You closely miss the gnoll. You hit the gnoll.
You hit the gnoll but do no damage. The gnoll misses you.
You furiously retaliate!
You headbutt the gnoll!
You kill the gnoll!
The gnoll hits you with a club. The gnoll misses you. You furiously retaliate!
You headbutt the gnoll.
You kill the gnoll!
The gnoll hits you with a spear.
* * * LOW HITPOINT WARNING * * *
Your ring mail prevents you from hitting the gnoll.
You slash the gnoll!
You kill the gnoll!
You hit the gnoll. The gnoll hits you but does no damage. The gnoll hits you.
* * * LOW HITPOINT WARNING * * *
The gnoll hits you with a club.
You die...

##### ..... ...
######... #.....#.#
###### #.....#.# #....#
##....g#.####....#######
......g@†)...>..........
##....)#)####.....#####.
#.....#.# ###.#.# #.
#.....#.# #.#.####
#.....#.# #.#.)..#
####..... #.#....##.
#..... #.#....... ......
..#....### .######)..


You could see 2 gnolls.

Vanquished Creatures
  Terence (D:2)
  5 gnolls (D:2)
  2 dart slugs (D:1)
  A leopard gecko (D:1)
  A giant cockroach (D:1)
  5 goblins (D:1)
  4 hobgoblins
  4 jackals (D:1)
  A ball python (D:1)
  2 bats (D:1)
  2 frilled lizards (D:1)
  A kobold (D:1)
  5 rats
34 creatures vanquished.

Notes
Turn   | Place    | Note
-------+----------+-------------------------------------------
     0 | D:1      | JackS81 the Minotaur Gladiator began the quest for the Orb.
     0 | D:1      | Reached XP level 1. HP: 18/18 MP: 0/0
    63 | D:1      | Reached skill level 4 in Axes
    63 | D:1      | Reached XP level 2. HP: 24/25 MP: 1/1
   474 | D:1      | Reached XP level 3. HP: 30/30 MP: 2/2
   737 | D:2      | Noticed Terence
   741 | D:2      | Killed Terence
   762 | D:2      | Reached skill level 5 in Axes
   762 | D:2      | Reached skill level 1 in Armour
   762 | D:2      | Reached XP level 4. HP: 30/37 MP: 3/3
   769 | D:2      | Slain by a gnoll

Vault maps used:
D:1:      dpeg_arrival_rooms_a, due_unseen_surprise
D:2:      lemuel_doored_altar, ashenzari_conservatory_becter, uniq_natasha,
          uniq_terence

Skill      XL: |  1  2  3 |
---------------+----------+-----
Axes           | 4 5 |  5.5
Dodging        | 4 |  4.0
Armour         | 1 |  1.3
Fighting       | |  2.9
Throwing       | |  2.0

Action                   |  1- 3 |  4- 6 || total
-------------------------+-------+-------++-------
Melee: War axe           |    40 |     4 ||    44
       Headbutt          |     6 |     1 ||     7
  Use: Potion            |     1 |       ||     1
 Stab: Sleeping          |     1 |       ||     1
Armor: Leather armour    |     3 |       ||     3
       Ring mail         |     6 |     3 ||     9
Dodge: Dodged            |    30 |     7 ||    37

Table legend:
 A = Spawn XP
 B = Non-spawn XP
 C = Spawn XP percentage of total XP
 D = Spawn monster count
 E = Non-spawn monster count
 F = Spawn count percentage of total count
 G = Total turns spent on level
                    A         B        C        D         E        F      G
               +---------+---------+-------+---------+---------+-------+---------
         Total |       0 |     157 |   0.0 |       0 |      34 |   0.0 |   769
               +---------+---------+-------+---------+---------+-------+---------
           D:1 |       0 |      47 |   0.0 |       0 |      26 |   0.0 |   702
           D:2 |       0 |     110 |   0.0 |       0 |       8 |   0.0 |    67
               +---------+---------+-------+---------+---------+-------+---------
